cohdb
Replays
Latest Replays
All Replays
Popular Replays
Top Player Replays
Match Explorer
How It Works
Community
CoH3 Stats
Reddit
Sign in to upload your games and track your stats! →
Sign in with Steam
Match 42154095
Unlisted
Match 42154095
Overview
Messages
Build Orders
End
Royal Engineer Section
Construct Section Command Post
Infantry Section
Infantry Section
Infantry Section
Construct Field Infirmary
Construct Platoon Command Post
Humber Armored Car
Infantry Training
6-pounder Anti-tank Gun Team
Grenade Package
6-pounder Anti-tank Gun Team
Construct Company Command Post
Selects Heavy Armor Battlegroup
Selects Light Vehicle Withdraw and Refit
Selects UNKNOWN (202330)
Selects Rigorous Vehicle Training
Crusader AA Medium Tank
Selects Forward Repair Assembly
Crusader AA Medium Tank
Armored Vehicle Training
Selects Churchill Black Prince Heavy Tank
Crusader AA Medium Tank
Royal Engineer Section
Churchill Black Prince Heavy Tank
Foot Guards Section
Crusader AA Medium Tank
Selects Recon Artillery
Wolfe
Window Shopping
0
0
Comments
sign in to comment!
No comments posted yet!